 Dungeon Crawl Stone Soup version 0.21.1-1-g345015f (webtiles) character file.

198 Mgcat the Sneak (level 5, -8/41 HPs)
             Began as a Vampire Assassin on Feb 9, 2018.
             Mangled by an orc
             ... wielding a +4 flail of protection
              (9 damage)
             ... on level 3 of the Dungeon.
             The game lasted 00:07:21 (2529 turns).

Mgcat the Sneak (Vampire Assassin)                  Turns: 2529, Time: 00:07:22

Health: -8/41      AC:  5    Str: 11    XL:     5   Next: 47%
Magic:  5/5        EV: 17    Int: 13    God:
Gold:   157        SH:  0    Dex: 21    Spells: 4/4 levels left

rFire    . . .     SeeInvis +   a - +2 dagger
rCold    + . .     Gourm    .   (no shield)
rNeg     + + .     Faith    .   c - +0 robe
rPois    +         Spirit   .   i - +0 helmet
rElec    .         Reflect  .   d - +0 cloak
rCorr    .         Harm     .   (no gloves)
MR       .....                  k - +0 pair of boots
Stlth    +++++++...             h - amulet of inaccuracy (curse)
HPRegen  0.06/turn              (no ring)
MPRegen  0.09/turn              m - ring of stealth {Stlth+}

@: agile, regenerating slowly, hasted, very quick
A: fangs 3, see invisible, unbreathing
a: Bat Form


You were on level 3 of the Dungeon.
You were very thirsty.

You visited 1 branch of the dungeon, and saw 3 of its levels.

You collected 157 gold pieces.

Inventory:

Hand Weapons
 a - a +2 dagger (weapon)
 b - a +0 blowgun
Missiles
 e - 8 poisoned needles
 f - 2 curare-tipped needles
Armour
 c - a +0 robe (worn)
 d - a +0 cloak (worn)
 i - a +0 helmet (worn)
   (You found it on level 1 of the Dungeon)
 k - a +0 pair of boots (worn)
   (You found it on level 1 of the Dungeon)
Jewellery
 h - a cursed amulet of inaccuracy (around neck)
   (You found it on level 1 of the Dungeon)
 m - a ring of stealth (right hand) {Stlth+}
   (You found it on level 1 of the Dungeon)
Scrolls
 j - 3 scrolls of remove curse
Potions
 g - 18 potions of blood {@q1}
 n - a potion of flight {unknown}
 o - a potion of mutation {!q}
 p - a potion of brilliance {unknown}
 s - a potion of degeneration {unknown}


   Skills:
 + Level 3.3 Fighting
 + Level 4.0 Short Blades
 - Level 1.5 Throwing
 - Level 1.1 Dodging
 + Level 7.6 Stealth


You had 4 spell levels left.
You didn't know any spells.

Dungeon Overview and Level Annotations

Branches:
Dungeon (3/15)

Altars:
Cheibriados


Innate Abilities, Weirdness & Mutations

You heal slowly.
You have razor-sharp teeth.
You have supernaturally acute eyesight. (SInv)
You can survive without breathing.


Message History

The orc barely misses you.
The adder hisses angrily.
An orc comes into view. It is wielding a club.
You hit the orc.
The orc is heavily wounded.
You hit the orc but do no damage.
The orc is heavily wounded.
The orc hits you with a mace.
The orc hits you with a hand axe of freezing!
The orc freezes you.
You are too injured to fight recklessly!
You are too injured to fight recklessly!
You are too injured to fight recklessly!
You are too injured to fight recklessly!
You hit the orc.
The orc is severely wounded.
You hit the orc.
You kill the orc!
The adder barely misses you. The orc hits you with a mace.
You hit the orc.
The orc is severely wounded.
You barely miss the orc.
The orc is severely wounded.
The adder bites you but does no damage. The orc barely misses you.
You hit the orc.
You kill the orc!
The orc closely misses you. The adder bites you.
You hit the orc.
You kill the orc!
You barely miss the orc. The adder barely misses you.
You hit the orc but do no damage. You bite the orc, but do no damage.
The orc hits you with a flail of protection!
* * * LOW HITPOINT WARNING * * *
You hit the rat.
You kill the rat!
The adder bites you but does no damage.
You hit the orc but do no damage. You barely miss the orc.
The adder bites you but does no damage. The orc barely misses you.
You closely miss the orc. The adder barely misses you.
You barely miss the orc. The orc closely misses you.
You hit the orc but do no damage. You bite the orc, but do no damage.
The adder misses you.
You miss the orc. You closely miss the orc. The adder barely misses you.
The orc completely misses you.
You closely miss the orc. The adder bites you but does no damage.
You miss the orc.
The orc hits you with a flail of protection.
* * * LOW HITPOINT WARNING * * *
You feel much better. The adder barely misses you.
You completely miss the adder. The adder barely misses you.
The orc hits you with a flail of protection.
You miss the orc. The adder barely misses you.
You are feeling very thirsty.
You hit the orc but do no damage. Your bite misses the orc.
You hit the orc but do no damage. The adder bites you.
The orc hits you with a flail of protection!
* * * LOW HITPOINT WARNING * * *
You completely miss the adder. Your bite misses the adder.
The adder barely misses you.
You hit the adder.
The adder is moderately wounded.
The orc hits you with a flail of protection.
* * * LOW HITPOINT WARNING * * *
You hit the adder but do no damage.
The adder is moderately wounded.
The adder barely misses you.
You hit the adder but do no damage.
The adder is moderately wounded.
You miss the adder.
The adder is moderately wounded.
The adder bites you but does no damage. The orc misses you.
Okay, then.
Items here: )) [ † a club; a hand axe of freezing; a leather armour; an orc corpse You hit the orc.
The orc is severely wounded.
You hit the orc but do no damage.
The orc is severely wounded.
The orc closely misses you.
You closely miss the orc. Your bite misses the orc.
The orc is severely wounded.
You hit the orc but do no damage.
The orc is severely wounded.
The orc barely misses you.
You hit the orc but do no damage.
The orc is severely wounded.
You barely miss the orc.
The orc is severely wounded.
The orc hits you with a flail of protection.
* * * LOW HITPOINT WARNING * * *
You closely miss the orc.
The orc is severely wounded.
Unknown command.
You feel agile all of a sudden.
You closely miss the orc.
The orc is severely wounded.
The orc hits you with a flail of protection!
You die...

.. #..# ###.#### #..
.... #. ## ##.# #..# #
##.###. #..?###>.#.#
#......
.....#...#.##./.#..###.
.......#).......#..# ##
#S).# #..# # #o### #..#
## #@# #..###. #.#
#...... #.. ##.###.
#... #.# ## #.### #.# #
..# #.# # ### #.# #
########.#
#####........#


You could see an adder and an orc.

Vanquished Creatures
  A scorpion (D:2)
  An orc priest (D:3)
  4 adders (D:2)
  An ooze (D:1)
  2 worms (D:2)
  A dart slug (D:2)
  A leopard gecko (D:1)
  6 orcs (D:3)
  6 bats
  9 giant cockroaches
  6 goblins
  4 hobgoblins
  2 jackals (D:1)
  A ball python (D:2)
  6 frilled lizards
  4 kobolds (D:2)
  13 rats
68 creatures vanquished.

Notes
Turn   | Place    | Note
-------+----------+-------------------------------------------
     0 | D:1      | Mgcat the Vampire Assassin began the quest for the Orb.
     0 | D:1      | Reached XP level 1. HP: 16/16 MP: 1/1
     2 | D:1      | Found a runed door.
    56 | D:1      | Reached skill level 6 in Stealth
    58 | D:1      | Reached skill level 2 in Fighting
    74 | D:1      | Reached XP level 2. HP: 22/22 MP: 2/2
   652 | D:1      | Reached XP level 3. HP: 18/28 MP: 3/3
   841 | D:2      | Reached skill level 3 in Short Blades
  1215 | D:2      | Reached XP level 4. HP: 20/34 MP: 4/4
  1594 | D:2      | Found a snail-covered altar of Cheibriados.
  1623 | D:2      | Reached skill level 7 in Stealth
  1679 | D:2      | HP: 8/34 [worm (10)]
  2079 | D:2      | Reached skill level 3 in Fighting
  2079 | D:2      | Reached XP level 5. HP: 41/41 MP: 5/5
  2250 | D:3      | Reached skill level 4 in Short Blades
  2497 | D:3      | HP: 10/41 [orc/flail of protection (8)]
  2507 | D:3      | HP: 6/41 [orc/flail of protection (5)]
  2512 | D:3      | HP: 10/41 [orc/flail of protection (9)]
  2526 | D:3      | HP: 1/41 [orc/flail of protection (6)]
  2529 | D:3      | Mangled by an orc

Skill      XL: |  1  2  3  4  5 |
---------------+----------------+-----
Stealth        | 6 7 |  7.6
Fighting       | 2 3 |  3.3
Short Blades   | 3 4 |  4.0
Throwing       | |  1.5
Dodging        | |  1.1

Action                   |  1- 3 |  4- 6 || total
-------------------------+-------+-------++-------
Melee: Dagger            |   133 |   135 ||   268
       Bite              |    11 |    13 ||    24
  Use: Scroll            |     4 |     1 ||     5
       Potion            |     3 |     8 ||    11
 Stab: Sleeping          |    15 |     6 ||    21
       Distracted        |     1 |     1 ||     2
Armor: Robe              |    50 |    26 ||    76
Dodge: Dodged            |   104 |    56 ||   160

Vault maps used:
D:1:      dpeg_arrival_caged_fury, minmay_pentomino_u4
D:2:      kennysheep_slug_shrine
D:3:      cheibrodos_pilgrimage, roderic_batcave

Table legend:
 A = Turns spent in this place as a percentage of turns spent in the entire game.
 B = Non-inter-level travel turns spent in this place as a percentage of non-inter-level travel turns spent in the entire game.
 C = Inter-level travel turns spent in this place as a percentage of turns spent in this place.
 D = Turns resting spent in this place as a percentage of non-inter-level travel turns spent in this place.
 E = Turns spent auto-exploring this place as a percentage of non-inter-level travel turns spent in this place.
 F = Non-inter-level travel turns spent in this place divided by the number of levels of this place that you've seen.
                   A       B       C       D       E      F
               +-------+-------+-------+-------+-------+----------------------
         Total | 100.0 | 100.0 |   0.8 |   9.6 |  65.1 | 836.3
       Dungeon | 100.0 | 100.0 |   0.8 |   9.6 |  65.1 | 836.3
               +-------+-------+-------+-------+-------+----------------------

Table legend:
 A = Kills in this place as a percentage of kills in entire the game.
 B = Kills by you in this place as a percentage of kills by you in the entire game.
 C = Kills by friends in this place as a percentage of kills by friends in the entire game.
 D = Other kills in this place as a percentage of other kills in the entire game.
 E = Experience gained in this place as a percentage of experience gained in the entire game.
 F = Experience gained in this place divided by the number of levels of this place that you have seen.
                   A       B       C       D       E      F
               +-------+-------+-------+-------+-------+----------------------
         Total | 100.0 | 100.0 |   N/A |   N/A | 100.0 |  94.7
       Dungeon | 100.0 | 100.0 |   N/A |   N/A | 100.0 |  94.7
               +-------+-------+-------+-------+-------+----------------------
